 Dungeon Crawl Stone Soup version 0.31-a0-460-g9e667d4245 (webtiles) character file.

Game seed: 4194658568290596442

82 randomguy2701 the Stinger (level 4, -1/27 HPs)
             Began as an Octopode Venom Mage on Aug 5, 2023.
             Blown up by Ijyb (16 damage)
             ... with a mindburst bolt
             ... on level 3 of the Dungeon.
             The game lasted 00:02:58 (2387 turns).

randomguy2701 the Stinger (Octopode Venom Mage)     Turns: 2387, Time: 00:02:59

Health: -1/27      AC:  1    Str:  7    XL:     4   Next: 43%
Magic:  8/8        EV: 13    Int: 19    God:
Gold:   156        SH:  0    Dex: 12    Spells: 7/8 levels left

rFire   . . .        (no weapon)
rCold   . . .        (no shield)
rNeg    . . .        (helmet restricted)
rPois   .            (no amulet)
rElec   .            (no ring)
rCorr   .            (no ring)
SInv    .            (no ring)
Will    .....        (no ring)
Stlth   +++          (no ring)
HPRegen 0.24/turn    (no ring)
MPRegen 0.11/turn    (no ring)
                     (no ring)

%: no passive effects
@: no status effects
A: almost no armour, amphibious, 8 rings, camouflage 1, gelatinous body 1,
(nimble swimmer 1), tentacles
a: no special abilities


You were on level 3 of the Dungeon.
You visited 1 branch of the dungeon, and saw 3 of its levels.

You collected 156 gold pieces.

Inventory:

Jewellery
 f - an amulet of faith
Scrolls
 b - a scroll of blinking {unknown}
 e - a scroll of identify {unknown}
 g - 2 scrolls of teleportation {unknown}
 h - a scroll of noise {unknown}
 j - a scroll of immolation {unknown}
Potions
 a - a potion of magic
 c - a potion of haste {unknown}
 d - a potion of mutation {unknown}
 i - a potion of resistance {unknown}


   Skills:
 + Level 2.3 Dodging
 + Level 3.3 Stealth
 + Level 2.9 Spellcasting
 + Level 2.0 Transmutations
 + Level 4.2 Poison Magic


You had 7 spell levels left.
You knew the following spells:

 Your Spells              Type           Power      Damage    Failure   Level
a - Sting                 Tmut/Pois      56%        1d5       4%          1

Your spell library contained the following spells:

 Spells                   Type           Power      Damage    Failure   Level
 Poisonous Vapours        Pois/Air       20%        N/A       10%         2
 Mephitic Cloud           Conj/Pois/Air  8%         N/A       26%         3
 Olgreb's Toxic Radiance  Pois           18%        N/A       26%         4


Dungeon Overview and Level Annotations

Branches:
Dungeon (3/15)

Altars:

Shops:
D:1 =([*

Annotations:
D:3 Ijyb


Innate Abilities, Weirdness & Mutations

You cannot wear most types of armour.
You are amphibious.
You can wear up to eight rings at the same time.
Your skin changes colour to match your surroundings (Stealth+).
Your rubbery body absorbs attacks. (AC +1, EV +1)
((You are camouflaged when in or above water. (Stealth+)))
You have tentacles for arms and can constrict up to eight enemies at once.


Message History

The ball python attacks as you move away!
The ball python bites you. The ball python barely misses you.
The ball python attacks as you move away!
The ball python closely misses you.
The ball python attacks as you move away!
The ball python barely misses you.
The ball python attacks as you move away!
The ball python closely misses you. The ball python misses you.
The ball python barely misses you. The ball python grabs you.
The ball python constricts you.
You escape the ball python's grasp.
The ball python attacks as you move away!
The ball python bites you.
The ball python attacks as you move away!
The ball python barely misses you. The ball python closely misses you.
The ball python attacks as you move away!
The ball python bites you but does no damage.
The ball python misses you. The ball python grabs you.
The ball python constricts you.
You escape the ball python's grasp.
Ijyb screams, "No!
No, no, no, no!"
The ball python attacks as you move away!
The ball python misses you. The ball python barely misses you.
The ball python attacks as you move away!
The ball python misses you. The ball python barely misses you.
The ball python attacks as you move away!
The ball python barely misses you. x2; The ball python misses you.
The ball python grabs you. The ball python constricts you.
You escape the ball python's grasp.
The ball python attacks as you move away!
The ball python completely misses you. The ball python misses you.
Ijyb screams, "I no like you!" The ball python misses you.
The ball python closely misses you.
The ball python attacks as you move away!
The ball python closely misses you. x2
A ball python comes into view.
The ball python hisses angrily.
Ijyb zaps a wand.
Your mind is blasted!
Ouch! That really hurt!
You die...

#.#............
#.#....<........
#.#.............
#.#.###.........
#.#...........# .
#.#............. .
###.#.........#...
#
#...#.............
.
##.###....@...#..
..
#........S....#..
.. ######........#
.. ##.#...###. ..
#......... .
#......... #
#..g.......
#..........
#..........


You could see Ijyb and a ball python.

Vanquished Creatures
  4 gnolls (D:2)
  An adder (D:2)
  2 dart slugs (D:1)
  3 ball pythons (D:1)
  3 bats
  4 endoplasms
  A giant cockroach (D:1)
  2 hobgoblins (D:1)
  2 quokkas (D:1)
  3 frilled lizards
  4 goblins (D:1)
  2 kobolds (D:1)
  A rat (D:2)
32 creatures vanquished.

Notes
Turn   | Place    | Note
-------+----------+-------------------------------------------
     0 | D:1      | randomguy2701 the Octopode Venom Mage began the quest for
                  | the Orb.
     0 | D:1      | Reached XP level 1. HP: 11/11 MP: 3/3
    73 | D:1      | Found Ituobi Ticlu's Armour Emporium.
   130 | D:1      | Reached XP level 2. HP: 17/17 MP: 1/5
   133 | D:1      | Reached skill level 4 in Poison Magic
   321 | D:1      | Found Kuomp's Assorted Antiques.
   603 | D:1      | Found a faded altar of an unknown god.
   648 | D:1      | Found Pemam's Antique Weapon Emporium.
   949 | D:1      | Found Weluo's Jewellery Boutique.
  1094 | D:1      | Reached XP level 3. HP: 16/21 MP: 3/6
  1521 | D:2      | Reached XP level 4. HP: 17/27 MP: 1/8
  2330 | D:3      | Noticed Ijyb
  2387 | D:3      | Blown up by Ijyb

Illustrated notes

Levels and vault maps discovered:
D:1:      roderic_chinese_lattice_arrival, layout_basic, serial_shops, shop,
          shop, nicolae_shop_crystal, shop, basic_ecumenical_altar
D:2:      layout_rooms, minmay_bisected
D:3:      minmay_angry_zag, layout_basic, general_overflow_altar,
          ashenzari_conservatory_becter, grunt_gozag_statues, uniq_ijyb

Skill      XL: |  1  2  3 |
---------------+----------+-----
Poison Magic   | 4 |  4.2
Stealth        | 3 |  3.3
Transmutations | 2 |  2.0
Dodging        | |  2.3
Spellcasting   | |  2.9

Action                     |  1- 3 |  4- 6 || total
---------------------------+-------+-------++-------
  Melee: Unarmed           |     9 |       ||     9
         Constrict         |     5 |       ||     5
         Tentacles         |     2 |       ||     2
   Cast: Sting             |    49 |    18 ||    67
 Armour: Skin              |     1 |     3 ||     4
  Dodge: Dodged            |    24 |    33 ||    57

Table legend: (Time is in decaauts)
 A = Elapsed time spent in this place.
 B = Non-inter-level travel time spent in this place.
 C = Inter-level travel time spent in this place.
 D = Time resting spent in this place.
 E = Time spent auto-exploring this place.
 F = Levels seen in this place.
 G = Mean time per level.
                   A        B        C        D        E       F      G
               +--------+--------+--------+--------+--------+-----+--------+
         Total |   2386 |   2264 |    122 |      0 |   1966 |   3 |  795.3 |
       Dungeon |   2386 |   2264 |    122 |      0 |   1966 |   3 |  795.3 |
               +--------+--------+--------+--------+--------+-----+--------+

Top non-repeatable levels by time:
     D:1: 1327 daAuts
     D:2: 876 daAuts
     D:3: 182 daAuts
